 Dungeon Crawl Stone Soup version 0.17-a0-1632-g0af21bd (console) character file.

2300 Monkaria the Unseen (level 9, -5/37 HPs)
             Began as a Felid Berserker on Aug 3, 2015.
             Was an Elder of Trog.
             Slain by an orc warrior
             ... wielding a +0 hand axe
              (17 damage)
             ... on level 8 of the Dungeon.
             The game lasted 00:19:03 (7657 turns).

Monkaria the Unseen (Felid Berserker)               Turns: 7657, Time: 00:19:03

Health: -5/37      AC:  2    Str: 16    XL:     9   Next: 17%
Magic:  10/10      EV: 26    Int:  9    God:    Trog [****..]
Gold:   289        SH:  0    Dex: 15    Spells: 0 memorised, 8 levels left
                                        Lives:  0   Deaths: 2

rFire  . . .     SeeInvis +       - Unarmed
rCold  + . .     Clarity  .     (armour unavailable)
rNeg   . . .     SustAt   .     (shield unavailable)
rPois  .         Gourm    .     (helmet unavailable)
rElec  .         Spirit   .     (cloak unavailable)
rCorr  .         Warding  .     (gloves unavailable)
rMut   .         Stasis   .     (boots unavailable)
MR     ++++.                    (no amulet)
Stlth  +++++++...               d - ring of protection from cold
                                t - ring of protection from magic

@: exhausted, regenerating, slowed, slow, incredibly resistant to hostile
enchantments, extremely stealthy
A: no armour, no weapons or thrown items, claws 1, fangs 3, see invisible,
carnivore 3, speed 1, shaggy fur 2, slow metabolism 1, sharp paws
a: Burn Spellbooks, Berserk, Trog's Hand, Brothers in Arms, Renounce Religion


You were on level 8 of the Dungeon.
You worshipped Trog.
Trog was greatly pleased with you.
You were very full.

You visited 2 branches of the dungeon, and saw 8 of its levels.

You collected 289 gold pieces.

Inventory:

Hand weapons
 D - the +7 Singing Sword
   (You found it on level 6 of the Dungeon)
Jewellery
 d - a ring of protection from cold (right paw)
 t - a ring of protection from magic (left paw)
 w - a +2 ring of intelligence
 E - a +2 ring of intelligence
 G - an uncursed amulet of stasis
Magical devices
 y - a wand of fire (4)
 F - a wand of fire (5)
Scrolls
 e - a scroll of immolation {unknown}
 g - a scroll of magic mapping {unknown}
 h - 5 scrolls of identify {unknown}
 i - a scroll of fear {unknown}
 o - 2 scrolls of remove curse {unknown}
 p - a scroll of enchant armour {unknown}
 r - a scroll of recharging {unknown}
 v - a scroll of teleportation {unknown}
 z - 2 scrolls of fog {unknown}
Potions
 b - a potion of flight
 c - a potion of curing
 f - 3 potions of might
 j - a potion of magic {unknown}
 k - a potion of agility
 l - 2 potions of poison
 m - a potion of invisibility
 q - 2 potions of haste {unknown}
 u - a potion of lignification {unknown}
 x - a potion of mutation {unknown}
 A - 2 potions of ambrosia {unknown}
 B - a potion of heal wounds {unknown}
Comestibles
 a - 3 meat rations
 n - 2 royal jellies
 s - a beef jerky
 C - 4 chunks of flesh


   Skills:
 - Level 3.0 Fighting
 + Level 11.6 Dodging
 - Level 15.0 Stealth
 - Level 3.0 Unarmed Combat


You had 8 spell levels left.
You didn't know any spells.

Dungeon Overview and Level Annotations

Branches:
Dungeon (8/15)             Temple (1/1) D:5
   Lair: D:8-11

Altars:
Ashenzari
Cheibriados
Dithmenos
Elyvilon
Fedhas
Gozag
Kikubaaqudgha
Makhleb
Okawaru
Qazlal
Ru
Trog
Xom
Zin
The Shining One


Innate Abilities, Weirdness & Mutations

You cannot wear armour.
You are incapable of wielding weapons or throwing items.
You have sharp claws.
You have razor-sharp teeth.
You have supernaturally acute eyesight.
You are carnivorous and can eat meat at any time.
You cover ground quickly.
You are covered in thick fur (AC +2).
You have a slow metabolism.
Your sharp claws are effective at attacking unaware monsters.


Message History

* * * LOW HITPOINT WARNING * * *
The orc hits you with a dagger.
* * * LOW HITPOINT WARNING * * *
The orc wizard misses you.
Things that are here:
a dagger; a robe You feel a strong urge to attack something.
You feel your anger subside.
You are no longer berserk.
You are exhausted.
You feel yourself slow down.
The crimson imp blinks!
The orc warrior barely misses you. The orc warrior misses you.
Use which ability? (? or * to list)
Your skin crawls.
You feel resistant to hostile enchantments.
You feel slightly less full.
The orc warrior hits you with a hand axe!
You die...

###.##<###### #.##.#
#.##.# #.##.#
##.##.######
#......)....
##.###.####.####
#...##.## #....
#.#...#@# #..#
#...##o####..####.#
##.####..o.........
#.# #.###o.####..# #.#
#.##.........# # #.#
#.##...#####.##. #.#
##.##.o......... ...
#...#..######.##
#......#...o#####...##


You could see an orc warrior.

Vanquished Creatures
  Maurice (D:8)
  2 steam dragons
  A hungry ghost (D:7)
  2 hippogriffs
  A water moccasin (D:6)
  An orc warrior (D:8)
  2 phantoms
  3 ice beasts
  A sky beast (D:5)
  4 centaurs
  2 ogres
  3 giant frogs
  5 scorpions (D:6)
  4 crimson imps
  A centaur zombie (D:7)
  2 hounds
  A giant frog skeleton (D:6)
  5 orc priests
  An iron imp (D:6)
  An iguana (D:5)
  3 worker ants
  7 orc wizards
  10 adders
  3 gnolls (D:6)
  2 shadow imps
  An adder zombie (D:7)
  3 worms (D:2)
  An adder skeleton (D:6)
  3 giant geckos
  15 orcs
  13 bats
  6 giant cockroaches
  12 goblins
  5 hobgoblins
  7 jackals
  2 quokkas
  3 giant newts
  13 kobolds
  7 rats
  A fungus (D:6)
160 creatures vanquished.

Vanquished Creatures (others)
  7 fungi (D:6)
7 creatures vanquished.

Grand Total: 167 creatures vanquished

Notes
Turn   | Place    | Note
--------------------------------------------------------------
     0 | D:1      | Monkaria the Felid Berserker began the quest for the Orb.
     0 | D:1      | Reached XP level 1. HP: 10/10 MP: 2/2
   212 | D:1      | Reached XP level 2. HP: 9/14 MP: 3/3
   243 | D:1      | Reached skill level 5 in Dodging
   873 | D:1      | Reached XP level 3. HP: 17/17 MP: 4/4
   921 | D:2      | Acquired Trog's second power
   938 | D:2      | Found an opulent altar of Gozag.
  1299 | D:2      | Reached skill level 6 in Dodging
  1422 | D:2      | Found a blossoming altar of Fedhas.
  1446 | D:2      | Reached XP level 4. HP: 12/21 MP: 5/5
  1889 | D:2      | Reached skill level 7 in Dodging
  2308 | D:3      | Reached XP level 5. HP: 22/24 MP: 6/6
  2804 | D:3      | You fall through a shaft for 2 floors!
  2804 | D:5      | Entered Level 5 of the Dungeon
  2811 | D:5      | Found a shattered altar of Ashenzari.
  2825 | D:5      | Reached skill level 5 in Stealth
  3082 | D:5      | Found a white marble altar of Elyvilon.
  3165 | D:5      | Noticed a centaur
  3179 | D:5      | Killed a centaur
  3179 | D:5      | Gained mutation: You are covered in thick fur (AC +2). [Felid growth]
  3179 | D:5      | Reached XP level 6. HP: 28/28 MP: 7/7
  3318 | D:5      | Found a staircase to the Ecumenical Temple.
  3356 | Temple   | Entered the Ecumenical Temple
  3570 | D:5      | Noticed a sky beast
  3599 | D:5      | Killed a sky beast
  3599 | D:5      | Reached skill level 8 in Stealth
  3599 | D:5      | Reached XP level 7. HP: 31/31 MP: 8/8
  3958 | D:5      | Noticed a steam dragon
  3960 | D:5      | Noticed a steam dragon
  3965 | D:5      | Killed a steam dragon
  3965 | D:5      | Reached skill level 9 in Stealth
  3980 | D:5      | Killed from afar by a steam dragon
  3981 | D:5      | Reached XP level 6. HP: -3/28 MP: 7/7
  4182 | D:5      | Found a white marble altar of Elyvilon.
  4303 | D:5      | Found a staircase to the Ecumenical Temple.
  4408 | D:5      | Found a shattered altar of Ashenzari.
  4792 | D:6      | Reached skill level 10 in Stealth
  4846 | D:6      | Reached XP level 7. HP: 20/31 MP: 8/8
  5042 | D:6      | Reached skill level 11 in Stealth
  5655 | D:6      | Found a snail-covered altar of Cheibriados.
  5668 | D:6      | Reached skill level 12 in Stealth
  6148 | D:6      | Reached XP level 8. HP: 34/34 MP: 9/9
  6157 | D:6      | Reached skill level 13 in Stealth
  6158 | D:6      | Acquired Trog's third power
  6305 | D:7      | Reached skill level 14 in Stealth
  6735 | D:7      | Reached skill level 15 in Stealth
  6817 | D:7      | Engulfed by a steam dragon's steam
  6818 | D:7      | Reached XP level 7. HP: 0/46 MP: 8/8
  6961 | D:7      | Reached XP level 8. HP: 34/34 MP: 9/9
  7010 | D:7      | Killed a steam dragon
  7092 | D:7      | Found a glowing golden altar of the Shining One.
  7433 | D:8      | Noticed Maurice
  7442 | D:8      | Killed Maurice
  7442 | D:8      | Reached skill level 10 in Dodging
  7488 | D:8      | Reached XP level 9. HP: 29/37 MP: 10/10
  7657 | D:8      | Slain by an orc warrior

Vault maps used:
D:1:      tarquinn_simple_flora_water_d, minmay_surrounded
D:2:      overflow_temple_1_default, grunt_gozag_breadcrumbs, minmay_bad_closet,
          grunt_ministairs_2, nrook_mini_backslash
D:3:      yredelemnul_altar_generic, first_bread
D:5:      kennysheep_steamy, elyvilon_altar_4,
          minmay_temple_entry_statues_fountains, basic_altar,
          minmay_misc_feat_doors
D:6:      old_forge, slow_altar_1, minmay_misc_feat_iff
D:7:      kennysheep_mini
D:8:      uniq_maurice
Temple:   roderic_octagonal_lattice_temple

Action                   |  1- 3 |  4- 6 |  7- 9 || total
-------------------------+-------+-------+-------++-------
Melee: Unarmed           |   107 |   172 |   327 ||   606
Invok: Berserk           |     5 |     7 |    12 ||    24
       Trog's Hand       |       |     1 |     9 ||    10
  Use: Potion            |       |       |     6 ||     6
 Stab: Sleeping          |     4 |     7 |    13 ||    24
       Distracted        |       |     1 |     2 ||     3
       Invisible         |       |       |     1 ||     1
       Held in net/web   |       |       |     1 ||     1
  Eat: Chunk             |    13 |    17 |    30 ||    60
